 Dungeon Crawl Stone Soup version 0.29.1-12-g30fa7ad0bf (webtiles) character file.

Game seed: 11780372064247712633

954 styxcanada the Covert (level 7, 0/36 HPs)
             Began as a Spriggan Brigand on Dec 23, 2022.
             Killed by nerve-wracking pain
             ... invoked by a shadow imp
              (6 damage)
             ... on level 6 of the Dungeon.
             The game lasted 00:21:08 (6082 turns).

styxcanada the Covert (Spriggan Brigand)            Turns: 6082, Time: 00:21:09

Health: 0/36       AC:  3    Str:  7    XL:     7   Next: 90%
Magic:  17/17      EV: 19    Int: 12    God:
Gold:   500        SH:  0    Dex: 19    Spells: 6/6 levels left

rFire   . . .      SeeInvis +   v - +0 sling
rCold   . . .      Faith    .   (no shield)
rNeg    . . .      Spirit   .   b - +0 robe
rPois   .          Reflect  .   (helmet restricted)
rElec   .          Harm     .   c - +0 cloak
rCorr   .          Rampage  .   (gloves unavailable)
Will    +....                   (boots unavailable)
Stlth   +++++.....              o - amulet of magic regeneration
HPRegen 0.12/turn               t - ring of magical power
MPRegen 0.55/turn               (no ring)

@: very quick
A: very small, no large weapons, unfitting armour, see invisible, speed 3
a: no special abilities


You were on level 6 of the Dungeon.
You visited 2 branches of the dungeon, and saw 7 of its levels.

You collected 500 gold pieces.

Inventory:

Hand Weapons
 a - a +2 dagger
 d - a +2 dagger of flaming
 n - a +0 dagger of venom
 v - a +0 sling (weapon)
Missiles
 i - 18 stones
 u - 4 poisoned darts
Armour
 b - a +0 robe (worn)
 c - a +0 cloak (worn)
Jewellery
 o - an amulet of magic regeneration (around neck)
 t - a ring of magical power (left hand)
Wands
 w - a wand of flame (15)
Scrolls
 h - a scroll of blinking
 j - a scroll of amnesia
 l - 4 scrolls of teleportation
Potions
 f - 4 potions of might
 g - a potion of heal wounds
 k - a potion of invisibility
 m - 2 potions of haste
 p - 2 potions of curing {unknown}
 q - a potion of mutation {unknown}
 r - 3 potions of flight {unknown}
 s - 2 potions of resistance {unknown}


   Skills:
 * Level 3.2 Fighting
 + Level 3.9 Short Blades
 + Level 1.6 Ranged Weapons
 + Level 3.2 Throwing
 * Level 4.6 Dodging
 * Level 11.1 Stealth


You had 6 spell levels left.
You didn't know any spells.
Your spell library contained the following spells:

 Spells                   Type           Power      Damage    Failure   Level
 Apportation              Tloc           0%         N/A       32%         1
 Necrotise                Necr           0%         1d4       32%         1
 Sandblast                Erth           0%         2d4       32%         1
 Summon Small Mammal      Summ           0%         N/A       32%         1
 Passwall                 Tmut/Erth      0%         N/A       45%         2
 Stone Arrow              Conj/Erth      0%         3d7       69%         3


Dungeon Overview and Level Annotations

Branches:
Dungeon (6/15)             Temple (1/1) D:5

Altars:
Ashenzari
Cheibriados
Dithmenos
Elyvilon
Hepliaklqana
Kikubaaqudgha
Nemelex Xobeh
Okawaru
Qazlal
Ru
Sif Muna
Uskayaw
Vehumet
Wu Jian
Xom
Yredelemnul
Zin
The Shining One


Innate Abilities, Weirdness & Mutations

You are very small and have problems with some larger weapons.
You are too small for most types of armour.
You have supernaturally acute eyesight. (SInv)
You cover ground extremely quickly. (Speed+++)


Message History

Aim: an orc, wielding a +0 club and wearing a +0 leather armour (59% to hit)
You shoot a sling bullet. The sling bullet hits the orc.
The orc is lightly wounded.
Fire: v) +0 sling
Press: ? - help, Q - select action, (/) - cycle Shift-Dir - straight line, f/p - orc
Aim: an orc, wielding a +0 club and wearing a +0 leather armour (lightly wounded, 59% to hit)
You shoot a sling bullet. The sling bullet hits the orc!
You kill the orc!
Something shouts, "Get thee hence, thou rough-hewn beef-witted foot-licker!"
You see here a curare-tipped dart.
Fire: v) +0 sling
Press: ? - help, Q - select action, (/) - cycle Shift-Dir - straight line, f - shadow imp
Aim: a shadow imp (55% to hit)
You shoot a sling bullet. The sling bullet hits the shadow imp.
The shadow imp is heavily wounded.
The sky beast is no longer moving slowly.
The sky beast looks more healthy.
Things that are here:
a +0 club; a +0 leather armour Fire: v) +0 sling
Press: ? - help, Q - select action, (/) - cycle Shift-Dir - straight line, f/p - shadow imp
Aim: a shadow imp (heavily wounded, 55% to hit)
You shoot a sling bullet.
The sling bullet barely misses the shadow imp.
The sky beast flickers out of sight for a moment.
Fire: v) +0 sling
Press: ? - help, Q - select action, (/) - cycle Shift-Dir - straight line, f/p - shadow imp
Aim: a shadow imp (heavily wounded, 55% to hit)
You shoot a sling bullet.
The sling bullet hits the shadow imp but does no damage.
The shadow imp is heavily wounded.
Fire: v) +0 sling
Press: ? - help, Q - select action, (/) - cycle Shift-Dir - straight line, f/p - shadow imp
Aim: a shadow imp (moderately wounded, 55% to hit)
You shoot a sling bullet.
The sling bullet hits the shadow imp but does no damage.
The shadow imp is moderately wounded.
The shadow imp gestures at you. Pain shoots through your body!
You die...

#.########## #.....
#.....)....### #...##
#.#..).......# ###.##
#.#.######.#.# #...
#..........(.########.
####..Y###.............
#.....5..#.####(###.##.
#.#.#..#.#.####.###.##.
# #.#.@#........Yz.o...
#..>...###.##.###.##.#.
###....# #..5..........
...#... ..##.#.##.#)#.
........... .!......#.
.......### ..#.#..)..
....... ##.# Y.!..#
....... # .#....s
#.#.#.##


You could see a sky beast and a shadow imp.

Vanquished Creatures
  Sigmund (D:3)
  A phantom (D:4)
  A bullfrog (D:6)
  2 scorpions (D:5)
  A necrophage (D:5)
  A wight (D:6)
  A jelly (D:5)
  An orc priest (D:6)
  2 hounds
  2 orc wizards (D:4)
  3 iguanas
  4 gnolls (D:3)
  4 adders
  A shadow imp (D:6)
  4 dart slugs
  12 orcs
  9 ball pythons
  5 endoplasms
  3 giant cockroaches
  6 goblins
  4 hobgoblins
  4 quokkas
  6 bats
  7 frilled lizards
  6 kobolds
  8 rats
99 creatures vanquished.

Notes
Turn   | Place    | Note
-------+----------+-------------------------------------------
     0 | D:1      | styxcanada the Spriggan Brigand began the quest for the
                  | Orb.
     0 | D:1      | Reached XP level 1. HP: 10/10 MP: 2/2
   160 | D:1      | Reached skill level 6 in Stealth
   209 | D:1      | Reached XP level 2. HP: 12/15 MP: 3/3
   875 | D:1      | Reached skill level 7 in Stealth
  1045 | D:1      | Reached XP level 3. HP: 18/18 MP: 4/4
  1459 | D:2      | Found a glowing golden altar of the Shining One.
  1545 | D:2      | Found the +3 Mad Mage's Maulers {Infuse+∞ RegenMP Int-3}
  1551 | D:2      | Found a faded altar of an unknown god.
  2173 | D:3      | Reached XP level 4. HP: 10/23 MP: 5/5
  2364 | D:3      | Noticed Sigmund
  2371 | D:3      | Killed Sigmund
  2372 | D:3      | Reached skill level 8 in Stealth
  2372 | D:3      | Reached XP level 5. HP: 26/26 MP: 6/6
  2442 | D:3      | Found a glowing silver altar of Zin.
  2447 | D:3      | Reached skill level 9 in Stealth
  2675 | D:3      | Reached XP level 6. HP: 32/32 MP: 7/7
  4025 | D:4      | Found an ancient bone altar of Kikubaaqudgha.
  4035 | D:4      | Reached skill level 10 in Stealth
  4131 | D:4      | Reached XP level 7. HP: 35/35 MP: 8/8
  4656 | D:5      | Entered Level 5 of the Dungeon
  4926 | D:5      | Found a snail-covered altar of Cheibriados.
  5130 | D:5      | Found a staircase to the Ecumenical Temple.
  5178 | Temple   | Entered the Ecumenical Temple
  5328 | D:5      | Found a glowing golden altar of the Shining One.
  5635 | D:5      | Reached skill level 1 in Ranged Weapons
  5944 | D:6      | Reached skill level 11 in Stealth
  6022 | D:6      | HP: 1/36 [sky beast (5)]
  6082 | D:6      | Killed from afar by a shadow imp

Illustrated notes

Levels and vault maps discovered:
D:1:      giann_forest_graveyard, layout_basic
D:2:      layout_basic, hellmonk_ecumenical_altar_lost_god, basic_altar
D:3:      layout_basic, lemuel_coloured_pillars_altar, uniq_sigmund
D:4:      layout_gridville, nicolae_kikubaaqudgha_miasma_corner
D:5:      layout_basic, lemuel_tele_altar, lemuel_crystal_altar, temple_pool_b,
          nrook_mini_backslash, minmay_misc_feat_encased, dreamdust_wishing_well
D:6:      layout_basic, mainiacjoe_overflow_boulevard, minmay_diced_spiral
Temple:   zaba_magenta_temple

Skill      XL: |  1  2  3  4  5  6  7 |
---------------+----------------------+-----
Stealth        | 6 7 8 9 10 11 | 11.1
Dodging        | 2 3 4 |  4.6
Fighting       | 2 3 |  3.2
Short Blades   | 3 |  3.9
Ranged Weapons | 1 |  1.6
Throwing       | 3 |  3.2

Action                   |  1- 3 |  4- 6 |  7- 9 || total
-------------------------+-------+-------+-------++-------
Melee: Dagger            |   120 |    70 |    40 ||   230
       Punch             |     3 |     4 |       ||     7
 Fire: Sling             |       |       |    34 ||    34
Throw: Dart              |     6 |    28 |    25 ||    59
       Stone             |       |       |     4 ||     4
  Use: Scroll            |     4 |     4 |     3 ||    11
 Stab: Sleeping          |    17 |    14 |     4 ||    35
       Distracted        |       |     1 |       ||     1
Armor: Robe              |    14 |     5 |     3 ||    22
Dodge: Dodged            |    69 |    27 |    32 ||   128
